 Dungeon Crawl Stone Soup version 0.24-a0-581-gc0fa6600bf (webtiles) character file.

Game seed: 13768145020750377306

23 Mithandil the Conjurer (level 2, -1/22 HPs)
             Began as a Draconian Conjurer on Aug 24, 2019.
             Slain by a worm (2 damage)
             ... on level 1 of the Dungeon.
             The game lasted 00:06:15 (1000 turns).

Mithandil the Conjurer (Draconian Conjurer)         Turns: 1000, Time: 00:06:15

Health: -1/22      AC:  4    Str:  6    XL:     2   Next: 72%
Magic:  1/5        EV: 12    Int: 15    God:
Gold:   40         SH:  0    Dex: 11    Spells: 2/5 levels left

rFire    . . .     SeeInvis .   b - +0 hand axe
rCold    + . .     Gourm    .   (no shield)
rNeg     . . .     Faith    .   (armour unavailable)
rPois    .         Spirit   .   (helmet restricted)
rElec    .         Reflect  .   (no cloak)
rCorr    .         Harm     .   (no gloves)
MR       .....                  (no boots)
Stlth    ++........             (no amulet)
HPRegen  0.07/turn              f - ring of protection from cold
MPRegen  0.09/turn              (no ring)

@: no status effects
A: unfitting armour, mutation resistance 1, weak 2, cold-blooded, AC +4
a: no special abilities


You were on level 1 of the Dungeon.
You were not hungry.

You visited 1 branch of the dungeon, and saw 3 of its levels.

You collected 40 gold pieces.

Inventory:

Hand Weapons
 b - a +0 hand axe (weapon)
 j - a +0 club
Missiles
 c - 13 arrows
 d - 32 stones (quivered)
 e - 15 sling bullets
Jewellery
 f - a ring of protection from cold (left hand)
Scrolls
 i - a scroll of teleportation {unknown}
Potions
 h - a potion of haste {unknown}
Comestibles
 a - 3 chunks of flesh
 g - a ration


   Skills:
 + Level 0.7 Fighting
 + Level 2.0 Dodging
 + Level 1.9 Stealth
 + Level 0.4 Unarmed Combat
 * Level 2.3 Spellcasting
 * Level 4.2 Conjurations


You had 2 spell levels left.
You knew the following spells:

 Your Spells              Type           Power        Failure   Level  Hunger
a - Magic Dart            Conj           ##..         3%          1    #......
b - Searing Ray           Conj           ##....       5%          2    ###....

Your spell library contained the following spells:

 Spells                   Type           Power        Failure   Level  Hunger
 Dazzling Spray           Conj/Hex       #.....       26%         3    ###....
 Iskenderun's Mystic Bla  Conj           ##......     36%         4    #####..
 Force Lance              Conj/Tloc      #.......     65%         4    #####..
 Fulminant Prism          Conj/Hex       #.........   65%         4    #####..


Dungeon Overview and Level Annotations

Branches:
Dungeon (3/15)

Altars:


Innate Abilities, Weirdness & Mutations

Your plain brown scales are hard. (AC +4)
You cannot fit into any form of body armour.
You are cold-blooded and may be slowed by cold attacks.
You are somewhat resistant to further mutation.
You are very weak. (Str -4)


Message History

The worm bites you!
Ouch! That really hurt!
You climb upwards.
There is a stone staircase leading down here.
Casting: Magic Dart (safe; 3% risk of failure)
Confirm with . or Enter, or press ? or * to list all spells.
Aiming: Searing Ray (safe; 5% risk of failure)
Press: ? - help, Shift-Dir - straight line, f - worm
Aim: a worm The searing ray hits the worm.
The worm is moderately wounded. (Press . to maintain the ray.)
The worm bites you!
* * * LOW HITPOINT WARNING * * *
The searing ray hits the worm.
The worm is moderately wounded.
The searing ray hits the worm.
The worm is severely wounded.
The worm bites you.
You die...

## #. .############## #.
.......w@÷....# ##### #.
..............###..÷####.
...............##........
......####.###.##...#####
#####. #.# #.###.## #
#.####.###.###.#
#...........##.#
#.####.#.#...#.# #.#
#.#.......#


You could see a worm.

Vanquished Creatures
  An ooze (D:1)
  A worm (D:2)
  A bat (D:1)
  2 giant cockroaches (D:1)
  2 goblins (D:1)
  3 hobgoblins (D:1)
  A frilled lizard (D:2)
  4 rats (D:1)
15 creatures vanquished.

Notes
Turn   | Place    | Note
-------+----------+-------------------------------------------
     0 | D:1      | Mithandil the Draconian Conjurer began the quest for the
                  | Orb.
     0 | D:1      | Reached XP level 1. HP: 14/14 MP: 3/3
   337 | D:1      | Reached XP level 2. HP: 17/20 MP: 1/5
   341 | D:1      | Learned a level 2 spell: Searing Ray
   469 | D:1      | Gained mutation: You are weak. (Str -2) [potion of
                  | mutation]
   469 | D:1      | Gained mutation: You are very weak. (Str -4) [potion of
                  | mutation]
   469 | D:1      | Gained mutation: You are somewhat resistant to further
                  | mutation. [potion of mutation]
   998 | D:1      | HP: 1/22 [worm (9)]
  1000 | D:1      | Slain by a worm

Levels and vault maps discovered:
D:1:      sevenhm_arrival_forest_fort_large_2, layout_loops_ring,
          minmay_pentomino_t2
D:2:      layout_basic, minmay_goblin_kobold_house
D:3:      layout_basic, gammafunk_temple_overflow_arena, minmay_goblin_outpost,
          uniq_ijyb, uniq_sigmund

Skill      XL: |  1  2 |
---------------+-------+-----
Dodging        | 2 |  2.0
Fighting       | |  0.7
Stealth        | |  1.9
Unarmed Combat | |  0.4
Spellcasting   | |  2.3
Conjurations   | |  4.2

Action                   || total
-------------------------++-------
Melee: Unarmed           ||    12
       Tailslap          ||     3
       Hand axe          ||    12
 Cast: Magic Dart        ||    35
       Searing Ray       ||     2
  Use: Potion            ||     1
  Eat: Chunk             ||     1
Armor: Skin              ||    11
Dodge: Dodged            ||    37

Table legend:
 A = Non-vault XP
 B = Vault XP
 C = Vault XP percentage of total XP
 D = Non-vault monster count
 E = Vault monster count
 F = Vault count percentage of total count
                 A         B        C        D         E       F
            +---------+---------+-------+---------+---------+-------
      Total |      32 |       1 |   3.0 |      14 |       1 |   6.7
            +---------+---------+-------+---------+---------+-------
        D:1 |      26 |       1 |   3.7 |      12 |       1 |   7.7
        D:2 |       6 |       0 |   0.0 |       2 |       0 |   0.0
            +---------+---------+-------+---------+---------+-------
